 Dungeon Crawl Stone Soup version 0.26-a0-227-g1af32d979d (webtiles) character file.

Game seed: 18084262226404097769

101 BritishOli the Slasher (level 4, -1/34 HPs)
             Began as a Demonspawn Gladiator on July 7, 2020.
             Killed from afar by Natasha (6 damage)
             ... with a magic dart
             ... on level 3 of the Dungeon.
             The game lasted 00:01:11 (1936 turns).

BritishOli the Slasher (Demonspawn Gladiator)       Turns: 1936, Time: 00:01:12

Health: -1/34      AC:  5    Str: 16    XL:     4   Next: 48%
Magic:  4/4        EV: 13    Int:  9    God:
Gold:   109        SH:  0    Dex: 14    Spells: 3/3 levels left

rFire    . . .     SeeInvis .   a - +0 long sword
rCold    . . .     Faith    .   (no shield)
rNeg     . . .     Spirit   .   b - +0 leather armour
rPois    .         Reflect  .   k - +2 hat
rElec    .         Harm     .   (no cloak)
rCorr    .                      (no gloves)
MR       .....                  (no boots)
Stlth    +.........             (no amulet)
HPRegen  0.11/turn              (no ring)
MPRegen  0.09/turn              (no ring)

@: no status effects
A: powered by pain 1, spiny 1
a: no special abilities


You were on level 3 of the Dungeon.
You were not hungry.

You visited 1 branch of the dungeon, and saw 3 of its levels.

You collected 109 gold pieces.

Inventory:

Hand Weapons
 a - a +0 long sword (weapon)
Missiles
 d - 4 throwing nets (quivered)
Armour
 b - a +0 leather armour (worn)
 c - a +0 helmet
 k - a +2 hat (worn)
Jewellery
 g - a cursed ring of teleportation {unknown}
Scrolls
 e - 3 scrolls of remove curse {unknown}
 h - a scroll of immolation {unknown}
 l - 2 scrolls of noise {unknown}
 m - a scroll of teleportation {unknown}
 o - 3 scrolls of blinking {unknown}
 p - a scroll of amnesia {unknown}
Potions
 i - a potion of invisibility {unknown}
 j - a potion of might {unknown}
 n - a potion of heal wounds {unknown}
 q - a potion of brilliance {unknown}
Comestibles
 f - 4 rations


   Skills:
 + Level 2.7 Fighting
 + Level 3.2 Long Blades
 + Level 2.5 Throwing
 + Level 1.3 Armour
 + Level 3.2 Dodging


You had 3 spell levels left.
You didn't know any spells.
Your spell library was empty.

Dungeon Overview and Level Annotations

Branches:
Dungeon (2/15)

Altars:
Ashenzari
Ru

Annotations:
D:3 Natasha


Innate Abilities, Weirdness & Mutations

You sometimes gain a little power by taking damage.
You are partially covered in sharp spines.


Message History

You kill the bat!
You hit the orc but do no damage.
The orc is heavily wounded.
The goblin is struck by your spines.
You kill the goblin!
The orc barely misses you. The orc hits you with a +0 flail.
Natasha howls an incantation.
Natasha glows brightly for a moment.
The orc closely misses you. The orc misses you.
You are too injured to fight recklessly!
Unknown command.
You are too injured to fight recklessly!
You are too injured to fight recklessly!
You hit Natasha.
Natasha is moderately wounded.
The orc is struck by your spines. The orc hits you with a +0 flail!
* * * LOW HITPOINT WARNING * * *
Natasha casts a spell at you. The magic dart hits you.
You die...

......... #.......# #
#....... ####.......#.#
#....... #. ........#.#
#>###... #..#.........
##(.. ##..#.......# #)###
............# ##)# #
#.....#oo.#########(†###
#.##..h@o.........))#...
#.###.#####.......###..#
#.# #.# #.......# #..#
#.###.# #.......# #..#
##>....###.#..≈.≈..# ##..
#..........#≈.≈≈≈.≈# ###
#.####.###..###.#≈≈≈.≈≈≈#
# #......# #..# ####'####
# #####..# #..## #' .


You could see Natasha and 3 orcs.

Vanquished Creatures
  An orc priest (D:3)
  An adder (D:3)
  A dart slug (D:1)
  A leopard gecko (D:2)
  2 orcs (D:3)
  4 bats
  3 giant cockroaches
  15 goblins
  8 hobgoblins
  8 jackals
  A frilled lizard (D:1)
  2 kobolds
  6 rats
53 creatures vanquished.

Notes
Turn   | Place    | Note
-------+----------+-------------------------------------------
     0 | D:1      | BritishOli the Demonspawn Gladiator began the quest for the
                  | Orb.
     0 | D:1      | Reached XP level 1. HP: 16/16 MP: 1/1
   390 | D:1      | Gained mutation: You sometimes gain a little power by
                  | taking damage. [demonic ancestry]
   390 | D:1      | Reached XP level 2. HP: 22/22 MP: 2/2
  1085 | D:1      | Reached XP level 3. HP: 20/28 MP: 3/3
  1446 | D:2      | You fall into a shaft and drop 1 floor!
  1471 | D:3      | Reached skill level 1 in Armour
  1774 | D:3      | Gained mutation: You are partially covered in sharp spines.
                  | [demonic ancestry]
  1774 | D:3      | Reached XP level 4. HP: 34/34 MP: 4/4
  1848 | D:3      | Found a sacrificial altar of Ru.
  1887 | D:3      | Found a shattered altar of Ashenzari.
  1932 | D:3      | Noticed Natasha
  1936 | D:3      | Killed from afar by Natasha

Illustrated notes

Levels and vault maps discovered:
D:1:      minmay_arrival_wavy_path, layout_loops_corners, fountainhead,
          minmay_misc_feat_five, minivault_25
D:2:      layout_loops_cross, first_ration, kennysheep_donut,
          minmay_tetromino_t2
D:3:      layout_loops_ring, ashenzari_conservatory_becter,
          lemuel_crystal_altar, minmay_goblin_outpost, uniq_natasha

Skill      XL: |  1  2  3 |
---------------+----------+-----
Throwing       | 2 |  2.5
Dodging        | 3 |  3.2
Long Blades    | 3 |  3.2
Armour         | 1 |  1.3
Fighting       | |  2.7

Action                   |  1- 3 |  4- 6 || total
-------------------------+-------+-------++-------
Melee: Long sword        |   115 |     7 ||   122
 Stab: Sleeping          |     3 |       ||     3
  Eat: Ration            |     1 |       ||     1
Armor: Leather armour    |    33 |     2 ||    35
Dodge: Dodged            |    85 |    12 ||    97
       Rpst.: Long sword |    26 |     1 ||    27

Table legend:
 A = Non-vault XP
 B = Vault XP
 C = Vault XP percentage of total XP
 D = Non-vault monster count
 E = Vault monster count
 F = Vault count percentage of total count
                 A         B        C        D         E       F
            +---------+---------+-------+---------+---------+-------
      Total |     129 |      16 |  11.0 |      44 |       9 |  17.0
            +---------+---------+-------+---------+---------+-------
        D:1 |      45 |       0 |   0.0 |      26 |       0 |   0.0
        D:2 |       3 |       0 |   0.0 |       1 |       0 |   0.0
        D:3 |      81 |      16 |  16.5 |      17 |       9 |  34.6
            +---------+---------+-------+---------+---------+-------
